 Dungeon Crawl Stone Soup version 0.17.1-3-g152610e (webtiles) character file.

27 MrTails the Skirmisher (level 2, -4/24 HPs)
             Began as a Demonspawn Berserker on Feb 22, 2016.
             Was a Follower of Trog.
             Slain by Crazy Yiuf
             ... wielding a +3 quarterstaff of chaos
              (16 damage)
             ... on level 2 of the Dungeon.
             The game lasted 00:03:14 (1190 turns).

MrTails the Skirmisher (Demonspawn Berserker)       Turns: 1190, Time: 00:03:14

Health: -4/24      AC:  0    Str: 17    XL:     2   Next: 93%
Magic:  2/2        EV: 12    Int:  8    God:    Trog [*.....]
Gold:   58         SH:  0    Dex: 12    Spells: 0 memorised, 1 level left

rFire  . . .     SeeInvis .     a - +0 hand axe
rCold  . . .     Clarity  .     (no armour)
rNeg   . . .     SustAt   .     (no shield)
rPois  .         Gourm    .     (no helmet)
rElec  .         Spirit   .     (no cloak)
rCorr  .         Warding  .     (no gloves)
rMut   .         Stasis   .     (no boots)
MR     .....                    (no amulet)
Stlth  ++........               (no ring)
                                (no ring)

@: lethally poisoned (-4 -> -15), not resistant to hostile enchantments,
unstealthy
A: nightstalker 1
a: Berserk, Burn Spellbooks, Renounce Religion


You were on level 2 of the Dungeon.
You worshipped Trog.
Trog was aware of your devotion.
You were near starving.

You visited 1 branch of the dungeon, and saw 3 of its levels.

You collected 58 gold pieces.

Inventory:

Hand Weapons
 a - a +0 hand axe (weapon)
Armour
 b - a +0 animal skin
 j - a +0 scale mail
Jewellery
 m - a cursed ring of magical power {unknown}
Scrolls
 e - a scroll of teleportation {unknown}
 h - a scroll of fog {unknown}
 k - a scroll of identify {unknown}
 n - a scroll of recharging {unknown}
Potions
 g - a potion of magic {unknown}
 i - 2 potions of curing {unknown}
Comestibles
 c - 2 bread rations
 d - a meat ration
 f - 2 beef jerkies
 l - 4 fruits


   Skills:
 + Level 3.4 Fighting
 * Level 3.1 Axes
 + Level 2.2 Armour
 - Level 1.8 Dodging


You had one spell level left.
You didn't know any spells.

Dungeon Overview and Level Annotations

Branches:
Dungeon (3/15)

Altars:
Nemelex Xobeh
Xom
Zin

Annotations:
D:2 Crazy Yiuf, Natasha


Innate Abilities, Weirdness & Mutations

You are slightly more attuned to the shadows.


Message History

i - 2 sapphire potions (gained 1)
Found a stone staircase leading down.
n - a scroll labeled CICEZIAHEO Crazy Yiuf the Enlightened comes into view.
He is wielding a quarterstaff of chaos.
Found a mace.
Crazy Yiuf is nearby!
You barely miss Crazy Yiuf.
Crazy Yiuf hits you with a quarterstaff of chaos.
Crazy Yiuf freezes you.
You barely miss Crazy Yiuf. Crazy Yiuf barely misses you.
You closely miss Crazy Yiuf.
Crazy Yiuf yells, "Goober ladder sallow!"
Crazy Yiuf hits you with a quarterstaff of chaos!
You are poisoned.
You slash Crazy Yiuf!
Crazy Yiuf is moderately wounded.
You feel sick.
Crazy Yiuf hits you with a quarterstaff of chaos!
Ouch! That really hurt!
You die...

###♣♣♣♣♣
##.#..♣.♣♣♣#####
##......♣..♣#...#
####......♣♣♣♣..@g.#
#......#.♣♣ ♣♣#..)#
..######♣♣ #####
......# #.....#
#.....####
#........# ###
#........########.##
#.....#............#


You could see Crazy Yiuf.

Vanquished Creatures
  An adder (D:2)
  A giant cockroach (D:2)
  2 goblins
  A hobgoblin (D:1)
  2 kobolds (D:1)
  2 quokkas
  7 bats
  3 rats (D:1)
19 creatures vanquished.

Notes
Turn   | Place    | Note
--------------------------------------------------------------
     0 | D:1      | MrTails the Demonspawn Berserker began the quest for the Orb.
     0 | D:1      | Reached XP level 1. HP: 18/18 MP: 1/1
   533 | D:1      | Gained mutation: You are slightly more attuned to the shadows. [demonic ancestry]
   533 | D:1      | Reached XP level 2. HP: 21/24 MP: 2/2
   838 | D:2      | Found a glowing silver altar of Zin.
   882 | D:2      | Found a shimmering altar of Xom.
   884 | D:2      | Found a shimmering altar of Xom.
   886 | D:2      | Found a shimmering altar of Xom.
   887 | D:2      | Found a shimmering altar of Xom.
   887 | D:2      | Found a shimmering altar of Xom.
   887 | D:2      | Noticed Natasha
   890 | D:2      | You fall through a shaft!
  1072 | D:2      | Found a sparkling altar of Nemelex Xobeh.
  1182 | D:2      | Noticed Crazy Yiuf
  1190 | D:2      | Slain by Crazy Yiuf

Action                   || total
-------------------------++-------
Melee: Hand axe          ||    57
Invok: Berserk           ||     1
 Stab: Sleeping          ||     1
